 Dungeon Crawl Stone Soup version 0.17.1-1-g73c8601 (webtiles) character file.

65 Joehai the Sneak (level 4, -1/45 HPs)
             Began as an Ogre Assassin on Feb 6, 2016.
             Slain by a giant frog zombie (6 damage)
             ... on level 3 of the Dungeon.
             The game lasted 00:05:29 (1551 turns).

Joehai the Sneak (Ogre Assassin)                    Turns: 1551, Time: 00:05:29

Health: -1/45      AC:  4    Str: 16    XL:     4   Next: 14%
Magic:  4/4        EV:  9    Int: 10    God:
Gold:   94         SH:  0    Dex: 12    Spells: 0 memorised, 3 levels left

rFire  + . .     SeeInvis .     k - +0 flail
rCold  + . .     Clarity  .     c - +0 robe
rNeg   . . .     SustAt   .     (no shield)
rPois  +         Gourm    .     (helmet restricted)
rElec  +         Spirit   .     d - +0 cloak
rCorr  +         Warding  .     (gloves unavailable)
rMut   .         Stasis   .     (boots unavailable)
MR     .....                    (no amulet)
Stlth  ++........               (no ring)
                                (no ring)

@: resistant, not resistant to hostile enchantments, unstealthy
A: unfitting armour, tough skin 1
a: no special abilities


You were on level 3 of the Dungeon.
You were not hungry.

You visited 1 branch of the dungeon, and saw 3 of its levels.

You collected 94 gold pieces.

Inventory:

Hand Weapons
 a - a +2 dagger
 b - a +0 blowgun
 k - a +0 flail (weapon)
Missiles
 e - 7 poisoned needles
 f - 2 curare-tipped needles
Armour
 c - a +0 robe (worn)
 d - a +0 cloak (worn)
Jewellery
 r - an uncursed ring of ice {unknown}
Scrolls
 i - 2 scrolls of teleportation {unknown}
 l - a scroll of noise {unknown}
 o - a scroll of fear {unknown}
 q - a scroll of recharging {unknown}
 u - a scroll of blinking {unknown}
 w - a scroll of identify {unknown}
Potions
 h - a potion of resistance
 s - a potion of heal wounds {unknown}
 v - a potion of curing {unknown}
Books
 p - a book of the Warp

   Spells                             Type                      Level
   a - Recall                         Summoning/Translocation      3
   b - Gell's Gravitas                Hexes/Translocation          3
   c - Force Lance                    Conjuration/Translocation    4
   d - Phase Shift                    Translocation                5
   e - Warp Weapon                    Charms/Translocation         5
   f - Summon Forest                  Summoning/Translocation      5
Comestibles
 g - a bread ration
 j - a meat ration
 m - 4 fruits
 n - a beef jerky
 t - 3 chunks of flesh


   Skills:
 + Level 3.2 Fighting
 - Level 1.2 Short Blades
 * Level 1.6 Maces & Flails
 - Level 2.0 Throwing
 - Level 0.8 Dodging
 * Level 4.3 Stealth


You had 3 spell levels left.
You didn't know any spells.

Dungeon Overview and Level Annotations

Branches:
Dungeon (3/15)

Altars:


Innate Abilities, Weirdness & Mutations

You are too large for most types of armour.
You have tough skin (AC +1).


Message History

The giant frog zombie hits you but does no damage.
You thump the giant frog zombie! The giant frog zombie hits you!
The giant frog zombie barely misses you.
You sock the giant frog zombie!
The giant frog zombie closely misses you.
The giant frog zombie hits you.
You hit the giant frog zombie.
The giant frog zombie closely misses you.
You barely miss the giant frog zombie. The giant frog zombie hits you.
The giant frog zombie hits you!
* * * LOW HITPOINT WARNING * * *
You hit the giant frog zombie but do no damage.
The giant frog zombie hits you but does no damage.
The giant frog zombie hits you.
* * * LOW HITPOINT WARNING * * *
Drink which item? (? for menu, Esc to quit)
It was a potion of resistance.
You feel protected. The giant frog zombie hits you.
You die...

# #.# # # #. # #.# .#
##.#.. #.#.# ##.
#.....#######.#.#####..
#.....^.....<....#.#
#.........##.###.#.#
#..##.g.#.##.......#
...#. ##Z##.######...#
#. #.###@##.####
#...#### # #........##.#
#.......
...........#.#.###..####
####........# #.##..#
#.......## ##....#
#........###.##.##
#........#.#.###.#
#........##.## #.#
#.......###......#


You could see a giant frog zombie and a hobgoblin.

Vanquished Creatures
  A gnoll (D:1)
  2 adders
  6 giant geckos
  2 giant cockroaches (D:1)
  3 hobgoblins
  5 kobolds
  2 quokkas
  2 bats (D:2)
  2 giant newts
  6 goblins
  4 rats
35 creatures vanquished.

Notes
Turn   | Place    | Note
--------------------------------------------------------------
     0 | D:1      | Joehai the Ogre Assassin began the quest for the Orb.
     0 | D:1      | Reached XP level 1. HP: 22/22 MP: 1/1
   112 | D:1      | Reached XP level 2. HP: 3/29 MP: 2/2
   548 | D:1      | Reached skill level 1 in Maces & Flails
   548 | D:1      | Reached XP level 3. HP: 36/36 MP: 3/3
   730 | D:1      | Reached skill level 4 in Stealth
  1505 | D:3      | Reached XP level 4. HP: 41/45 MP: 4/4
  1551 | D:3      | Slain by a giant frog zombie

Action                   |  1- 3 |  4- 6 || total
-------------------------+-------+-------++-------
Melee: Dagger            |    14 |       ||    14
       Club              |    30 |       ||    30
       Flail             |    53 |     9 ||    62
 Fire: Blowgun           |     4 |       ||     4
  Use: Potion            |       |     1 ||     1
 Stab: Sleeping          |     6 |     1 ||     7
       Distracted        |     2 |       ||     2
  Eat: Chunk             |     2 |       ||     2
